 Dungeon Crawl Stone Soup version 0.24.0-13-gcf9b3192b9 (webtiles) character file.

Game seed: 4092092059083385982, levelgen mode: deterministic

11975 Delamore the Executioner (level 11, -10/82 HPs)
             Began as a Hill Orc Fighter on Nov 10, 2019.
             Was a High Priest of Okawaru.
             Mangled by a blink frog (16 damage)
             ... on level 2 of the Lair of Beasts.
             The game lasted 00:17:11 (12374 turns).

Delamore the Executioner (Hill Orc Fighter)        Turns: 12374, Time: 00:17:12

Health: -10/82     AC: 10    Str: 23    XL:     11   Next: 86%
Magic:  11/11      EV:  8    Int:  8    God:    Okawaru [*****.]
Gold:   593        SH: 15    Dex: 10    Spells: 10/10 levels left

rFire    . . .     SeeInvis +   D - +6 flail "Zis Beo" {protect, +Rage}
rCold    . . .     Gourm    .   c - +0 shield
rNeg     . . .     Faith    .   N - +2 ring mail {rPois}
rPois    +         Spirit   .   w - +0 helmet
rElec    .         Reflect  +   (no cloak)
rCorr    .         Harm     .   (no gloves)
MR       +....                  S - +0 pair of boots
Stlth    ..........             k - +6 amulet of reflection
HPRegen  0.23/turn              i - ring of see invisible
MPRegen  0.12/turn              r - ring of protection from magic

@: berserk cooldown, slowed, very slow
A: no striking features
a: Heroism, Finesse, Renounce Religion, Evoke Berserk Rage


You were on level 2 of the Lair of Beasts.
You worshipped Okawaru.
Okawaru was extremely pleased with you.
You were near starving.

You visited 3 branches of the dungeon, and saw 13 of its levels.

You collected 593 gold pieces.

Inventory:

Hand Weapons
 a - a +0 war axe
 D - the +6 flail "Zis Beo" (weapon) {protect, +Rage}
   (You found it on level 7 of the Dungeon)

   It grants its wielder temporary protection when it strikes (+7 to AC).
   It lets you go berserk.
Missiles
 F - 2 throwing nets (quivered)
 M - 3 curare-tipped darts
Armour
 c - a +0 shield (worn)
 p - a +0 plate armour
 t - the +1 leather armour "Wodumab" {rPois Int+2 Dex+7}
   (You found it on level 4 of the Dungeon)

   It affects your intelligence (+2).
   It affects your dexterity (+7).
   It protects you from poison.
 w - a +0 helmet (worn)
 N - a +2 ring mail of poison resistance (worn)
 O - a +1 ring mail of magic resistance
 S - a +0 pair of boots (worn)
Jewellery
 b - an uncursed ring of flight
 i - a ring of see invisible (left hand)
 k - a +6 amulet of reflection (around neck)
 r - a ring of protection from magic (right hand)
Wands
 v - a wand of polymorph (15)
 z - a wand of flame (12)
 B - a wand of disintegration (16)
 E - a wand of iceblast (5)
 G - a wand of random effects (20)
 H - a wand of clouds (4)
Scrolls
 g - 5 scrolls of remove curse
 j - a scroll of magic mapping
 l - a scroll of noise
 m - 6 scrolls of identify
 o - 8 scrolls of teleportation
 s - 2 scrolls of amnesia
 x - a scroll of enchant weapon {unknown}
 y - a scroll of enchant armour
 A - a scroll of immolation
 K - a scroll of summoning {unknown}
 R - a scroll of fear {unknown}
Potions
 d - 4 potions of might
 e - a potion of heal wounds
 h - 4 potions of curing
 n - 6 potions of mutation
 q - 2 potions of lignification {unknown}
 u - a potion of invisibility {unknown}
 C - 3 potions of agility {unknown}
 I - a potion of degeneration {unknown}
 J - a potion of brilliance {unknown}
 L - 2 potions of ambrosia {unknown}
 P - a potion of flight {unknown}
 Q - a potion of resistance {unknown}
Comestibles
 f - 20 rations
 T - 4 chunks of flesh


   Skills:
 - Level 3.6 Fighting
 + Level 21.4 Axes
 - Level 3.2 Armour
 - Level 3.2 Shields


You had 10 spell levels left.
You didn't know any spells.
Your spell library contained the following spells:

 Spells                   Type           Power        Failure   Level  Hunger
 Magic Dart               Conj           #...         97%         1    ##.....
 Blink                    Tloc           N/A          99%         2    ###....
 Call Imp                 Summ           #.......     99%         2    ###....
 Slow                     Hex            #.......     99%         2    ###....
 Conjure Flame            Conj/Fire      #.......     100%        3    ####...
 Mephitic Cloud           Conj/Pois/Air  #.......     100%        3    ####...


Dungeon Overview and Level Annotations

Branches:
Dungeon (9/15)             Temple (1/1) D:6            Lair (3/6) D:9
 Shoals (0/4) Lair:2          Orc (0/2) D:9
  Snake: Lair:2-4    Spider: Lair:2-4

Altars:
Ashenzari
Dithmenos
Fedhas
Gozag
Hepliaklqana
Kikubaaqudgha
Makhleb
Nemelex Xobeh
Okawaru
Qazlal
Ru
Sif Muna
Trog
Uskayaw
Vehumet
Xom
Yredelemnul
Zin
The Shining One


Message History

You block the blink frog's attack.
You thump the blink frog!
The blink frog is severely wounded.
The blink frog blinks!
The blink frog hits you!
* * * LOW HITPOINT WARNING * * *
The blink frog blinks!
The blink frog blinks! x3
You see here a porcupine corpse.
The blink frog blinks!
The blink frog blinks! x2
The blink frog blinks!
The blink frog blinks!
The blink frog hits you!
* * * LOW HITPOINT WARNING * * *
You block the blink frog's attack.
You miss the blink frog.
The blink frog is lightly wounded.
The blink frog barely misses you. You block the blink frog's attack.
The blink frog hits you!
You die...

### ##### ## .# #
######.###.#..##P##.#### #
#......................
###...................#.#
##.....................#
###...................##
#................F.....####
................@F†........
........................#
..................†.....#
........................###
..........................#
........................###
......^..................#
..........<.............## #
.........................#.#


You could see 2 blink frogs.

Vanquished Creatures
  A two-headed ogre (D:9)
  Pikel (D:4)
  4 merfolk sirens (Lair:2)
  An elephant (D:9)
  The ghost of Delamore the Cleaver, a novice HOFi (D:4)
  3 spiny frogs (Lair:1)
  A komodo dragon (Lair:2)
  3 blink frogs (Lair:2)
  A hippogriff (D:7)
  4 yaks (D:9)
  A basilisk (D:9)
  3 hungry ghosts
  4 water moccasins
  5 porcupines
  3 orc warriors
  A sky beast (D:5)
  2 ice beasts
  2 black bears
  5 ogres
  2 phantoms
  3 centaurs
  6 wolves (Lair:2)
  4 crocodiles
  4 big kobolds
  7 bullfrogs
  2 scorpions
  A wyvern skeleton (D:9)
  A water moccasin skeleton (D:5)
  4 wights (D:7)
  2 electric eels (Lair:1)
  2 howler monkeys
  The ghost of Acheron the Charmwright, a weakling DESk (D:3)
  4 crimson imps
  3 quasits
  4 orc priests
  4 hounds
  7 orc wizards
  2 centaur skeletons
  A gnoll shaman (D:4)
  An iguana (D:8)
  Natasha (thrice) (D:4)
  4 worker ants
  A hound skeleton (D:5)
  Robin (D:4)
  A worker ant zombie (D:8)
  4 gnolls
  6 adders
  A shadow imp (D:4)
  An ooze (D:2)
  2 adder zombies
  An adder skeleton (D:7)
  2 worms
  2 dart slugs
  4 leopard geckos
  22 orcs
  2 ball pythons
  10 bats
  6 giant cockroaches
  11 hobgoblins
  7 jackals
  2 quokkas
  5 frilled lizards
  A giant cockroach zombie (D:4)
  13 goblins
  A jackal zombie (D:4)
  26 kobolds
  A quokka skeleton (D:9)
  A quokka zombie (D:5)
  7 rats
259 creatures vanquished.

Vanquished Creatures (others)
  A slave (D:4)
  An orc wizard (D:8)
  2 gnolls
  A frilled lizard (D:4)
  2 kobolds
  6 fungi (Lair:2)
  3 plants (Lair:2)
16 creatures vanquished.

Grand Total: 275 creatures vanquished

Notes
Turn   | Place    | Note
-------+----------+-------------------------------------------
     0 | D:1      | Delamore the Hill Orc Fighter began the quest for the Orb.
     0 | D:1      | Reached XP level 1. HP: 19/19 MP: 1/1
    55 | D:1      | Reached skill level 3 in Axes
   212 | D:1      | Reached XP level 2. HP: 22/26 MP: 2/2
   403 | D:1      | Reached skill level 4 in Axes
   743 | D:2      | Reached XP level 3. HP: 27/31 MP: 3/3
   964 | D:2      | Reached skill level 5 in Axes
  1608 | D:3      | Reached XP level 4. HP: 39/39 MP: 4/4
  1639 | D:3      | Reached skill level 6 in Axes
  1644 | D:3      | Reached XP level 5. HP: 9/45 MP: 5/5
  1647 | D:3      | Reached skill level 7 in Axes
  1898 | D:3      | Found a runed translucent door.
  1898 | D:3      | Noticed Acheron's ghost (weakling DESk)
  2481 | D:3      | Reached skill level 8 in Axes
  2481 | D:3      | Reached XP level 6. HP: 49/51 MP: 6/6
  2984 | D:3      | Killed Acheron's ghost
  3017 | D:4      | Got a dazzling leather armour
  3028 | D:4      | Identified the +1 leather armour "Wodumab" {rPois Int+2
                  | Dex+7} (You found it on level 4 of the Dungeon)
  3104 | D:4      | Noticed Natasha
  3113 | D:4      | Killed Natasha
  3194 | D:4      | Noticed Robin
  3220 | D:4      | Killed Robin
  3312 | D:4      | Reached skill level 9 in Axes
  3329 | D:4      | Noticed a slave
  3333 | D:4      | Noticed a slave
  3333 | D:4      | Noticed a slave
  3334 | D:4      | Noticed Pikel
  3347 | D:4      | Noticed a slave
  3367 | D:4      | Noticed Natasha
  3392 | D:4      | Noticed an ice beast
  3405 | D:4      | Killed Pikel
  3405 | D:4      | Reached skill level 11 in Axes
  3405 | D:4      | Reached XP level 7. HP: 39/57 MP: 7/7
  3405 | D:4      | Reached XP level 8. HP: 43/64 MP: 8/8
  3415 | D:4      | Killed Natasha
  3423 | D:4      | Reached skill level 12 in Axes
  3602 | D:4      | Found a runed translucent gate.
  3603 | D:4      | Found a runed translucent gate.
  3603 | D:4      | Found a runed translucent gate.
  3604 | D:4      | Noticed Delamore's ghost (novice HOFi)
  3632 | D:4      | Killed Delamore's ghost
  3837 | D:4      | Noticed Natasha
  3853 | D:4      | Killed Natasha
  3853 | D:4      | Reached skill level 13 in Axes
  4094 | D:5      | Entered Level 5 of the Dungeon
  4688 | D:5      | Reached skill level 14 in Axes
  4688 | D:5      | Reached XP level 9. HP: 70/70 MP: 9/9
  5132 | D:6      | Reached skill level 15 in Axes
  5284 | D:6      | Found a staircase to the Ecumenical Temple.
  5385 | Temple   | Entered the Ecumenical Temple
  5420 | Temple   | Became a worshipper of Warmaster Okawaru
  5763 | D:6      | Found a burning altar of Makhleb.
  5763 | D:6      | Noticed a blizzard demon
  5766 | D:6      | Noticed an orange demon
  6260 | D:7      | Reached skill level 16 in Axes
  6535 | D:7      | Reached * piety under Okawaru
  6611 | D:7      | Reached XP level 10. HP: 45/77 MP: 10/10
  6774 | D:7      | Found a shattered altar of Ashenzari.
  7114 | D:7      | Got a pitted flail
  7115 | D:7      | Identified the +6 flail "Zis Beo" {protect, +Rage} (You
                  | found it on level 7 of the Dungeon)
  7277 | D:7      | Reached skill level 17 in Axes
  8115 | D:8      | Found a bloodstained altar of Trog.
  8135 | D:8      | Reached ** piety under Okawaru
  8751 | D:9      | Reached skill level 18 in Axes
  8752 | D:9      | Found a staircase to the Lair.
  8755 | D:9      | Noticed an elephant
  8787 | D:9      | Killed an elephant
  9047 | D:9      | Noticed a two-headed ogre
  9062 | D:9      | Killed a two-headed ogre
  9069 | D:9      | Reached skill level 19 in Axes
  9086 | D:9      | Found a staircase to the Orcish Mines.
  9165 | D:9      | Reached *** piety under Okawaru
  9165 | D:9      | Reached XP level 11. HP: 82/82 MP: 11/11
  9594 | D:9      | Found a stormy altar of Qazlal.
  9909 | Lair:1   | Entered Level 1 of the Lair of Beasts
 10701 | Lair:1   | Reached skill level 20 in Axes
 11565 | Lair:2   | Reached **** piety under Okawaru
 11853 | Lair:2   | Found a staircase to the Shoals.
 11941 | Lair:2   | Reached skill level 21 in Axes
 12300 | Lair:3   | Reached ***** piety under Okawaru
 12374 | Lair:2   | Mangled by a blink frog

Levels and vault maps discovered:
D:1:      eino_arrival_cavern_e, layout_loops_ring, serial_bayou_pond_e
D:2:      layout_basic, lemuel_another_geyser
D:3:      layout_basic, hellmonk_ghost_happy_afterlife, first_ration
D:4:      layout_basic, gammafunk_ghost_necromancy, minivault_5, moated_statue,
          hex_intersection, uniq_robin, uniq_pikel, uniq_natasha
D:5:      layout_basic
D:6:      layout_layer_cave, minmay_temple_entry_antechambers, serial_glass,
          glass_columns_b, glass_columns_c, makhleb_altar_promises_db
D:7:      black_bear_nest_2, layout_basic, basic_altar,
          minmay_misc_feat_four_crosses, grunt_ogre_cave
D:8:      layout_layer_cave, trog_butcher_becter
D:9:      layout_basic, nicolae_qazlal_general_emergency, david_lair_generic,
          orc_0_dummy
Temple:   grunt_wide_crystal_templ
Lair:1:   layout_small_grid, serial_bayou_lake_a
Lair:2:   layout_small_grid, elwin_shoals_entry_stream,
          chequers_serial_rivers_marsh, chequers_serial_rivers_marsh
Lair:3:   layout_layer_cave, lemuel_fruit_tree, serial_bayou_shore_b

Skill      XL: |  1  2  3  4  5  6  7  8  9 10 11 |
---------------+----------------------------------+-----
Axes           | 3 4 5 6 8 11 14 16 19 21 | 21.4
Fighting       | |  3.6
Armour         | |  3.2
Shields        | |  3.2

Action                   |  1- 3 |  4- 6 |  7- 9 | 10-12 || total
-------------------------+-------+-------+-------+-------++-------
Melee: War axe           |   193 |   175 |   322 |    13 ||   703
       Flail             |       |       |       |   512 ||   512
 Abil: Evoke Berserk Rag |       |       |       |     1 ||     1
Evoke: Wand              |       |       |       |     3 ||     3
  Use: Potion            |       |     1 |       |       ||     1
       Scroll            |       |       |       |     8 ||     8
  Eat: Chunk             |     3 |     5 |    11 |    20 ||    39
       Ration            |       |       |       |     1 ||     1
Armor: Scale mail        |    12 |       |       |       ||    12
       Plate armour      |   143 |    81 |   133 |   143 ||   500
       Ring mail         |       |       |       |    82 ||    82
Dodge: Dodged            |    28 |    19 |    41 |    85 ||   173
Block: Shield            |   138 |   128 |   212 |   392 ||   870
       Reflection        |       |       |    11 |     8 ||    19
